AoeStats
← FexMaya

Arena

509235273Analyzed
1v1 RM · 7d ago on Sep 26, 2026· 55m 5s· 2 players
Game mode
Random Map
Map size
Tiny (2 player)
Population
200
Speed
Normal
Resources
Standard
Victory
Conquest
Starting age
Dark Age
Ending age
Imperial Age
RankedLock teamsTeams togetherTeam positionsShared explorationLock speedFull tech treeHidden civsTurbo modeCheats
Victory
Defeat
🇬🇹 Spanish · Guatemala
799
+19
🇨🇱 Celts · Chile
864
-19
El_Oz0
10:05 Feudal Age
10:45 Double-Bit Axe
10:42 Horse Collar
15:32 Castle Age
15:45 Gold Mining
17:09 Bow Saw
18:48 Wheelbarrow
22:35 Hand Cart
24:00 Town Watch
25:22 Heavy Plow
27:15 Loom
27:27 Stronghold
32:08 Imperial Age
31:31 Gold Shaft Mining
32:49 Forging
32:40 Scale Mail Armor
33:10 Conscription
33:12 Furor Celtica
33:43 Guilds
34:13 Siege Engineers
35:32 Heavy Scorpion
36:55 Onager
38:44 Capped Ram
41:58 Stone Mining
43:09 Pikeman
44:08 Chain Mail Armor
44:28 Iron Casting
43:57 Gambesons
49:19 Halberdier
50:38 Plate Mail Armor
51:09 Blast Furnace
50:02 Siege Ram
51:02 Town Patrol
FexMaya
9:10 Loom
10:56 Feudal Age
15:30 Castle Age
13:38 Stone Mining
14:28 Double-Bit Axe
14:25 Horse Collar
18:39 Gold Mining
19:21 Fletching
24:34 Town Watch
24:38 Loom
26:09 Wheelbarrow
25:36 Town Patrol
26:40 Fervor
27:27 Murder Holes
28:33 Forging
28:21 Bodkin Arrow
33:33 Imperial Age
31:29 Ballistics
31:54 Forging
31:51 Scale Barding Armor
31:48 Padded Archer Armor
31:53 Squires
33:37 Iron Casting
35:18 Chemistry
35:28 Elite Conquistador
47:41 Blast Furnace
46:42 Bracer
46:43 Scale Mail Armor
47:03 Chain Barding Armor
49:17 Hoardings
49:03 Conscription
Connection lost

Rejoining the realm…

Still unreachable

The connection could not be restored.

Session expired

The server has moved on; the page needs a fresh start.